cohdb
Replays
Latest Replays
All Replays
Popular Replays
Top Player Replays
Match Explorer
How It Works
Community
CoH3 Stats
Reddit
Sign in to upload your games and track your stats! →
Sign in with Steam
Match 45439805
Unlisted
Match 45439805
Overview
Messages
Build Orders
End
Panzerpioneer Squad
250 Light Carrier
250 Light Carrier
Construct Light Support Kompanie
Combat Half-tracks
Panzerjäger Squad
Selects Panzerjäger Kommand Battlegroup
Selects GrB 39 Grenade Launcher Requisition
Fire Support Elements
Panzerjäger Squad
Assault Mechanized Group
Construct Panzerarmee Kommand
Selects Crew Shock Tactics
Selects Crew Shock Tactics
Assault Grenadier Squad
Panzer III L Medium Tank
Panzer III L Medium Tank
Emergency Repair Kits
Vehicle Survival Package
Panzer III L Medium Tank
Tungsten Core Ammunition
Armored Reserves
Selects Elefant Tank Destroyer
Assault Grenadier Squad
Panzerjäger Squad
Panzerjäger Squad
Elefant Tank Destroyer
2.5-tonne Medical Truck
Rapid Advance
Selects Blockade Equipment
Selects Defensive Positions
Selects Blockade Equipment
Selects Early Warning
Selects Butterfly Bomb Drop
Tiger Heavy Tank
Assault Grenadier Squad
Butterfly Bomb Drop
Panzerjäger Squad
Butterfly Bomb Drop
Early Warning
Butterfly Bomb Drop
Tiger Heavy Tank
Butterfly Bomb Drop
Butterfly Bomb Drop
Advanced Field Repairs
Flakvierling Half-track
Butterfly Bomb Drop
StuG Assault Group
Advanced Optics
Early Warning
Butterfly Bomb Drop
Butterfly Bomb Drop
Early Warning
Elefant Tank Destroyer
MG34 Team
Panzerpioneer Squad
Butterfly Bomb Drop
Rihhno
Adelfos
ρ=ρca(t)3Ω
LetMeOutNow
DerTontaiLama
LW | MUERTE
Urge to Merge
Relic only temp bans maphackers
0
0
Comments
sign in to comment!
No comments posted yet!